 Dungeon Crawl Stone Soup version 0.26-a0-466-g989023bd0d (webtiles) character file.

Game seed: 7956946366094966981

168 KristoblXynda the Ducker (level 5, -3/45 HPs)
             Began as a Troll Hedge Wizard on Aug 2, 2020.
             Was an Initiate of Ashenzari.
             Slain by an ogre
             ... wielding a +0 giant club
              (26 damage)
             ... on level 4 of the Dungeon.
             The game lasted 00:03:22 (1955 turns).

KristoblXynda the Ducker (Troll Hedge Wizard)       Turns: 1955, Time: 00:03:23

Health: -3/45      AC:  9    Str: 18    XL:     5   Next: 24%
Magic:  7/7        EV: 10    Int: 17    God:    Ashenzari [......]
Gold:   196        SH:  5    Dex:  9    Spells: 4/8 levels left

rFire    . . .     SeeInvis .     - Unarmed
rCold    . . .     Faith    .   (no shield)
rNeg     . . .     Spirit   .   b - +0 robe
rPois    .         Reflect  +   c - +0 hat
rElec    .         Harm     .   m - +2 cloak
rCorr    .                      (gloves unavailable)
MR       .....                  (boots unavailable)
Stlth    +.........             g - amulet of reflection (curse)
HPRegen  0.55/turn              n - +6 ring of intelligence
MPRegen  0.10/turn              (no ring)

@: no status effects
A: large, unfitting armour, claws 3, regeneration 1, shaggy fur 1, tough skin 3
a: Curse Item, Renounce Religion


You were on level 4 of the Dungeon.
You worshipped Ashenzari.
Ashenzari was noncommittal.
You visited 1 branch of the dungeon, and saw 4 of its levels.

You collected 196 gold pieces.

Inventory:

Armour
 b - a +0 robe (worn)
 c - a +0 hat (worn)
 m - a +2 cloak (worn)
Jewellery
 g - a cursed amulet of reflection (around neck)
 n - a +6 ring of intelligence (left claw)
Scrolls
 d - a scroll of magic mapping {unknown}
 f - 2 scrolls of identify
 j - 4 scrolls of amnesia
 l - a scroll of fear {unknown}
 o - a scroll of enchant weapon {unknown}
Potions
 h - 4 potions of mutation
 i - a potion of stabbing
 k - a potion of flight


   Skills:
 + Level 2.9 Dodging
 - Level 1.0 Stealth
 + Level 2.7 Unarmed Combat
 - Level 2.0 Spellcasting
 + Level 2.1 Conjurations
   Level 0.6 Summonings
   Level 0.6 Translocations


You had 4 spell levels left.
You knew the following spells:

 Your Spells              Type           Power        Failure   Level
a - Magic Dart            Conj           #...         8%          1
b - Mephitic Cloud        Conj/Pois/Air  #.......     41%         3

Your spell library contained the following spells:

 Spells                   Type           Power        Failure   Level
 Animate Skeleton         Necr           #.....       19%         1
 Pain                     Necr           #...         19%         1
 Blink                    Tloc           N/A          22%         2
 Call Imp                 Summ           #.......     22%         2
 Slow                     Hex            #.......     28%         2
 Conjure Flame            Conj/Fire      #.......     36%         3
 Vampiric Draining        Necr           #.........   50%         3
 Animate Dead             Necr           #.........   88%         4
 Agony                    Necr           #.......     99%         5


Dungeon Overview and Level Annotations

Branches:
Dungeon (4/15)             Temple (0/1) D:4

Altars:
Ashenzari


Innate Abilities, Weirdness & Mutations

You are too large for most types of armour.
You have claws for hands.
Your natural rate of healing is unusually fast.
You are covered in fur. (AC +1)
You have extremely tough skin. (AC +3)


Message History

The ogre barely misses you.
You scratch the ogre but do no damage.
The ogre is almost dead.
You scratch the ogre.
The ogre is almost dead.
The ogre hits you with a +0 giant club!
You barely miss the ogre.
The ogre is almost dead.
The ogre hits you with a +0 giant club!!
Ouch! That really hurt!
* * * LOW HITPOINT WARNING * * *
You barely miss the ogre.
The ogre is almost dead.
The ogre completely misses you.
You feel much better.
You barely miss the ogre.
The ogre is almost dead.
The ogre hits you with a +0 giant club!!
Ouch! That really hurt!
You die...

# # #######.###
#####.###o........#
.......@Og........#
.####.###Z..........
# #........#..
#........#
#.......##
#....!....
#.....#....
#...###..>. #....
.$.


You could see an ogre, a gnoll, an orc and a hound skeleton.

Vanquished Creatures
  Jessica (D:2)
  An orc wizard (D:4)
  3 gnolls
  2 adders
  An ooze (D:2)
  2 worms
  A leopard gecko (D:3)
  2 orcs
  5 bats
  4 giant cockroaches
  6 goblins
  5 hobgoblins
  14 kobolds
  5 frilled lizards
  7 rats
59 creatures vanquished.

Notes
Turn   | Place    | Note
-------+----------+-------------------------------------------
     0 | D:1      | KristoblXynda the Troll Hedge Wizard began the quest for
                  | the Orb.
     0 | D:1      | Reached XP level 1. HP: 16/16 MP: 2/2
   212 | D:1      | Reached skill level 1 in Conjurations
   226 | D:1      | Reached XP level 2. HP: 24/24 MP: 4/4
   398 | D:1      | Reached skill level 1 in Unarmed Combat
   570 | D:2      | Noticed Jessica
   586 | D:2      | Killed Jessica
   586 | D:2      | Reached XP level 3. HP: 30/31 MP: 5/5
   838 | D:2      | Reached XP level 4. HP: 39/39 MP: 6/6
  1309 | D:3      | Found a faded altar of an unknown god.
  1522 | D:3      | Found a shattered altar of Ashenzari.
  1538 | D:3      | Became a worshipper of Ashenzari the Shackled
  1885 | D:3      | Learned a level 3 spell: Mephitic Cloud
  1905 | D:4      | Noticed an ogre
  1908 | D:4      | Found a staircase to the Ecumenical Temple.
  1936 | D:4      | Reached XP level 5. HP: 23/45 MP: 7/7
  1952 | D:4      | HP: 1/45 [ogre/+0 giant club (23)]
  1955 | D:4      | Slain by an ogre

Illustrated notes

Levels and vault maps discovered:
D:1:      mrwooster_arrival_statue_3, layout_loops_ring, minivault_19
D:2:      layout_rooms, uniq_jessica
D:3:      wad_river_or_something, layout_loops_ring, lemuel_round_altar,
          chequers_ecumenical_altar_twisty, small_statue_intersection,
          minmay_misc_feat_doors
D:4:      layout_basic, lemuel_crystal_altar,
          chequers_temple_overflow_statue_of_worship,
          lemuel_zombie_altar_yredelemnul, minmay_temple_entry_tees,
          uniq_edmund, uniq_duvessa

Skill      XL: |  1  2  3  4 |
---------------+-------------+-----
Conjurations   | 1 2 |  2.1
Unarmed Combat | 1 2 |  2.7
Dodging        | 2 |  2.9
Stealth        | |  1.0
Spellcasting   | |  2.0
Summonings     | |  0.6
Translocations | |  0.6

Action                   |  1- 3 |  4- 6 || total
-------------------------+-------+-------++-------
Melee: Unarmed           |    72 |   129 ||   201
       Punch             |       |     3 ||     3
Invok: Curse Item        |       |     1 ||     1
  Use: Scroll            |       |     7 ||     7
       Potion            |       |     2 ||     2
 Stab: Sleeping          |       |     1 ||     1
Armor: Robe              |    16 |    49 ||    65
Dodge: Dodged            |    36 |    71 ||   107
Block: Other             |       |     3 ||     3
       Reflection        |       |     1 ||     1

Table legend: (Time is in decaauts)
 A = Elapsed time spent in this place.
 B = Non-inter-level travel time spent in this place.
 C = Inter-level travel time spent in this place.
 D = Time resting spent in this place.
 E = Time spent auto-exploring this place.
 F = Levels seen in this place.
 G = Mean time per level.
                   A        B        C        D        E       F      G
               +--------+--------+--------+--------+--------+-----+--------+
         Total |   1951 |   1910 |     41 |     57 |   1307 |   4 |  487.8 |
       Dungeon |   1951 |   1910 |     41 |     57 |   1307 |   4 |  487.8 |
               +--------+--------+--------+--------+--------+-----+--------+

Top non-repeatable levels by time:
     D:3: 872 daAuts
     D:1: 569 daAuts
     D:2: 457 daAuts
     D:4: 51 daAuts
